 Dungeon Crawl Stone Soup version 0.27.0-65-ge2af304b15 (webtiles) character file.

Game seed: 6831088954848462091

79 pkoi the Chucker (level 4, 0/41 HPs)
             Began as a Troll Hunter on Aug 18, 2021.
             Was an Initiate of Makhleb.
             Slain by a lemure (3 damage)
             ... led by Pikel
             ... on level 3 of the Dungeon.
             The game lasted 00:03:17 (2345 turns).

pkoi the Chucker (Troll Hunter)                     Turns: 2345, Time: 00:03:17

Health: 0/41       AC:  5    Str: 21    XL:     4   Next: 16%
Magic:  3/3        EV:  9    Int:  7    God:    Makhleb [......]
Gold:   91         SH:  0    Dex: 10    Spells: 3/3 levels left

rFire    . . .     SeeInvis .     - Unarmed
rCold    . . .     Faith    .   (no shield)
rNeg     . . .     Spirit   .   b - +0 robe
rPois    .         Reflect  .   (helmet restricted)
rElec    .         Harm     .   s - +0 cloak
rCorr    .         Rampage  .   (gloves unavailable)
Will     .....                  (boots unavailable)
Stlth    +.........             (no amulet)
HPRegen  1.13/turn              (no ring)
MPRegen  0.08/turn              (no ring)

@: no status effects
A: large, unfitting armour, claws 3, regeneration 1, shaggy fur 1, tough skin 1
a: Renounce Religion


You were on level 3 of the Dungeon.
You worshipped Makhleb.
Makhleb was noncommittal.
You visited 1 branch of the dungeon, and saw 4 of its levels.

You collected 91 gold pieces.

Inventory:

Hand Weapons
 a - a +0 short sword
Missiles
 c - 5 large rocks
 d - 2 throwing nets
 j - 3 boomerangs (quivered)
 n - 4 silver javelins
Armour
 b - a +0 robe (worn)
 s - a +0 cloak (worn)
Jewellery
 h - a ring of flight
 q - a ring of magical power
Scrolls
 e - 2 scrolls of summoning {unknown}
 f - a scroll of enchant armour
 g - a scroll of amnesia {unknown}
 i - 2 scrolls of teleportation {unknown}
 k - 4 scrolls of identify
 l - a scroll of enchant weapon {unknown}
Potions
 m - 2 potions of curing {unknown}
 o - a potion of mutation {unknown}
 p - a potion of berserk rage {unknown}
 r - a potion of brilliance {unknown}


   Skills:
 - Level 1.5 Fighting
 - Level 4.4 Throwing
 - Level 1.5 Dodging
 - Level 0.3 Stealth
 + Level 2.5 Unarmed Combat
 + Level 0.0 Invocations


You had 3 spell levels left.
You didn't know any spells.
Your spell library contained the following spells:

 Spells                   Type           Power      Damage    Failure   Level
 Passwall                 Tmut/Erth      0%         N/A       56%         2
 Swiftness                Air            0%         N/A       80%         3
 Invisibility             Hex            0%         N/A       100%        6


Dungeon Overview and Level Annotations

Branches:
Dungeon (4/15)
 Temple: D:4-7

Altars:
Makhleb
Trog

Annotations:
D:4 Pikel


Innate Abilities, Weirdness & Mutations

You are too large for most types of armour.
You have claws for hands.
Your natural rate of healing is unusually fast.
You are covered in fur. (AC +1)
You have tough skin. (AC +1)


Message History

No target in view!
You start waiting.
Done waiting.
There is a stone staircase leading down here.
You climb downwards.
Level annotation: Pikel The lemure barely misses you.
The lemure hits you. x2
There is a stone staircase leading up, spattered with blood here.
The lemure hits you. The lemure hits you!
You climb upwards.
There is a stone staircase leading down here.
You can't go up here!
Unknown command.
You barely miss the lemure. Your claw misses the lemure.
The lemure hits you but does no damage. The lemure hits you.
You scratch the lemure.
The lemure is lightly wounded.
The lemure hits you. The lemure barely misses you.
You closely miss the lemure.
The lemure is lightly wounded.
The lemure hits you. x2
You scratch the lemure. Your claw misses the lemure.
The lemure is moderately wounded.
The lemure completely misses you. The lemure closely misses you.
You completely miss the lemure.
The lemure is moderately wounded.
The lemure hits you but does no damage. The lemure hits you.
You barely miss the lemure.
The lemure is moderately wounded.
The lemure hits you but does no damage. The lemure hits you.
You claw the lemure! Your claw misses the lemure.
The lemure is severely wounded.
The lemure hits you but does no damage. The lemure hits you!
* * * LOW HITPOINT WARNING * * *
You closely miss the lemure.
The lemure is severely wounded.
The lemure hits you!
* * * LOW HITPOINT WARNING * * *
The lemure hits you.
You die...

###########
.......>..#
#########.#
.########.##
.......#...########
.#####.........5@5#
## ###...######.#
##.## #.# #.# #.#
## #.# #.# .# #.#
#.# .########.##
#.# ...........#
#.# .#######.#.#
#.#


You could see 2 lemures.

Vanquished Creatures
  A lemure (D:3)
  An adder (D:3)
  A worm (D:2)
  5 dart slugs
  An orc (D:3)
  2 ball pythons
  9 bats
  4 endoplasms
  2 giant cockroaches (D:1)
  7 goblins
  3 hobgoblins
  2 jackals (D:3)
  A quokka (D:1)
  3 frilled lizards
  5 kobolds
  7 rats
54 creatures vanquished.

Vanquished Creatures (others)
  3 plants (D:1)
3 creatures vanquished.

Grand Total: 57 creatures vanquished

Notes
Turn   | Place    | Note
-------+----------+-------------------------------------------
     0 | D:1      | pkoi the Troll Hunter began the quest for the Orb.
     0 | D:1      | Reached XP level 1. HP: 19/19 MP: 0/0
   147 | D:1      | Reached skill level 1 in Unarmed Combat
   200 | D:1      | Reached XP level 2. HP: 25/27 MP: 1/1
   222 | D:1      | Found a faded altar of an unknown god.
   361 | D:1      | Reached skill level 4 in Throwing
   813 | D:1      | Reached XP level 3. HP: 33/33 MP: 2/2
  1616 | D:3      | Reached XP level 4. HP: 41/41 MP: 3/3
  1702 | D:3      | Found a burning altar of Makhleb.
  1867 | D:3      | Found a bloodstained altar of Trog.
  1970 | D:3      | Became a worshipper of Makhleb the Destroyer
  2204 | D:4      | Noticed a lemure
  2204 | D:4      | Noticed a lemure
  2205 | D:4      | Noticed a lemure
  2205 | D:4      | Noticed Pikel
  2205 | D:4      | Noticed a lemure
  2231 | D:3      | Killed a lemure
  2345 | D:3      | Slain by a lemure

Illustrated notes

Levels and vault maps discovered:
D:1:      dpeg_arrival_arbitrary_c, layout_loops_ring,
          hellmonk_ecumenical_altar_arch_garden, chequers_serial_rivers_micro_a,
          chequers_serial_rivers_small_b, chequers_big_river
D:2:      layout_rooms
D:3:      layout_loops_ring, lightli_temple_of_fire, trog_book, corner_web_ring
D:4:      layout_basic, minitemple, chequers_serial_rivers_small_3, uniq_pikel

Skill      XL: |  1  2  3 |
---------------+----------+-----
Unarmed Combat | 1 2 |  2.5
Throwing       | 4 |  4.4
Fighting       | |  1.5
Dodging        | |  1.5
Stealth        | |  0.3

Action                   |  1- 3 |  4- 6 || total
-------------------------+-------+-------++-------
Melee: Unarmed           |   114 |    37 ||   151
       Punch             |     2 |     2 ||     4
  Use: Scroll            |     1 |       ||     1
Armor: Robe              |    43 |    23 ||    66
Dodge: Dodged            |    66 |    21 ||    87
